 Dungeon Crawl Stone Soup version 0.31-a0-986-g5e6e4ef867 (webtiles) character file.

Game seed: 2506463047725166109

77 serber55 the Chiller (level 4, -16/32 HPs)
             Began as a Demonspawn Ice Elementalist on Nov 6, 2023.
             Killed from afar by Ijyb (21 damage)
             ... with an iceblast
             ... on level 3 of the Dungeon.
             The game lasted 00:05:49 (1824 turns).

serber55 the Chiller (Demonspawn Ice Elementalist)  Turns: 1824, Time: 00:05:50

Health: -16/32     AC: 11    Str:  8    XL:     4   Next: 14%
Magic:  7/7        EV: 12    Int: 19    God:
Gold:   58         SH:  0    Dex: 13    Spells: 1/8 levels left

rFire   . . .        c - +0 dagger
rCold   . . .        (no shield)
rNeg    . . .        a - +0 robe
rPois   .            (no helmet)
rElec   .            (no cloak)
rCorr   .            q - +0 pair of gloves
SInv    .            (no boots)
Will    .....        (no amulet)
Stlth   +            j - ring of wizardry
HPRegen 0.25/turn    (no ring)
MPRegen 0.10/turn

%: wizardry (x1)
@: confused, ice-armoured, ambrosia-drunk, freezing walls
A: icy blue scales 1
a: no special abilities


You were on level 3 of the Dungeon.
You visited 1 branch of the dungeon, and saw 3 of its levels.

You collected 58 gold pieces.

Inventory:

Hand Weapons
 c - a +0 dagger (weapon)
Missiles
 g - 5 poisoned darts (quivered)
Armour
 a - a +0 robe (worn)
 q - a +0 pair of gloves (worn)
Jewellery
 j - a ring of wizardry (left hand)
Wands
 s - a wand of charming (9)
Scrolls
 d - 2 scrolls of teleportation {unknown}
 h - 3 scrolls of enchant armour {unknown}
 i - a scroll of immolation {unknown}
 l - 2 scrolls of identify {unknown}
 m - a scroll of noise {unknown}
 r - a scroll of blinking {unknown}
Potions
 b - a potion of magic
 e - 2 potions of brilliance {unknown}
 f - a potion of curing {unknown}
 k - a potion of ambrosia
 n - a potion of resistance {unknown}
 o - a potion of heal wounds {unknown}
 p - a potion of haste {unknown}


   Skills:
 + Level 1.4 Fighting
 + Level 2.4 Dodging
 - Level 1.7 Stealth
 + Level 2.5 Spellcasting
 * Level 4.3 Ice Magic


You had one spell level left.
You knew the following spells:

 Your Spells              Type           Power      Damage    Failure   Level
a - Freeze                Ice            72%        1d8       1%          1
b - Frozen Ramparts       Ice            36%        1d6       3%          3
c - Ozocubu's Armour      Ice            18%        N/A       3%          3

Your spell library contained the following spells:

 Spells                   Type           Power      Damage    Failure   Level
 Summon Ice Beast         Ice/Summ       10%        N/A       26%         4


Dungeon Overview and Level Annotations

Branches:
Dungeon (3/15)

Altars:

Shops:
D:2 !*:(:

Annotations:
D:3 Ijyb


Innate Abilities, Weirdness & Mutations

You are partially covered in icy blue scales. (AC +2)


Message History

You see here a +0 long sword.
s - a wand of charming (9)
l - 2 scrolls labelled ANIJED QAPUA (gained 1)
You now have 58 gold pieces (gained 12).
You open the door.
A rat comes into view.
There is an open door here.
Ijyb the Twisted Goblin comes into view.
She is wielding a +0 club and carrying a wand of iceblast.
Ijyb shouts!
The rat closely misses you.
You hit the rat.
You kill the rat!
Ijyb zaps a wand.
The mass of ice explodes!
The iceblast engulfs you!
Ouch! That really hurt!
Casting: Freeze (safe; 1% risk of failure)
Confirm with . or Enter, or press ? or * to list all spells.
A film of ice covers your body!
Casting: Ozocubu's Armour (dangerous; 3% risk of failure)
Confirm with . or Enter, or press ? or * to list all spells.
Casting: Frozen Ramparts (dangerous; 3% risk of failure)
Press: ? - help, Dir - look around, f - activate The walls around you are covered in ice.
The wall freezes Ijyb but does no damage.
Throw: 6 darts (poison)
Press: ? - help, Q - select action, (/) - cycle Shift-Dir - straight line, f - Ijyb
Aim: Ijyb, wielding a +0 club, wearing a +0 leather armour and carrying a wand of iceblast (43% to hit)
You throw a poisoned dart. The poisoned dart barely misses Ijyb.
The wall freezes Ijyb.
Ijyb zaps a wand.
The mass of ice explodes!
The iceblast engulfs you!
* * * LOW HITPOINT WARNING * * *
Unknown command.
It was a potion of ambrosia.
You are confused.
You feel invigorated.
The wall freezes Ijyb.
Ijyb zaps a wand.
The mass of ice explodes!
The iceblast engulfs you!
* * * LOW HITPOINT WARNING * * *
The wall freezes Ijyb but does no damage.
Ijyb zaps a wand.
The mass of ice explodes!
The iceblast engulfs you!!
Ouch! That really hurt!
You die...

#......###'#..†.#.#
#......##.........#
...###......##..........#
............##....##..#..>
#######.....)....#.....#...
#.....####.#.....#.##
#...<......#.....# #
#.(.#...##########
#.......'.@.g....(
#.......##########
#####...# #...# #...# #...#
#...# #####


You could see Ijyb.

Vanquished Creatures
  4 adders (D:2)
  A worm (D:2)
  A dart slug (D:2)
  2 ball pythons (D:1)
  4 endoplasms
  3 giant cockroaches
  4 goblins
  4 hobgoblins
  4 bats
  2 frilled lizards
  5 kobolds
  4 rats
38 creatures vanquished.

Notes
Turn   | Place    | Note
-------+----------+-------------------------------------------
     0 | D:1      | serber55 the Demonspawn Ice Elementalist began the quest
                  | for the Orb.
     0 | D:1      | Reached XP level 1. HP: 13/13 MP: 3/3
   197 | D:1      | Gained mutation: You are partially covered in icy blue
                  | scales. (AC +2) [demonic ancestry]
   197 | D:1      | Reached XP level 2. HP: 20/20 MP: 0/5
   673 | D:2      | Found Iwivub's Antique Weapon Shop.
   694 | D:2      | Reached skill level 1 in Fighting
   694 | D:2      | Reached skill level 4 in Ice Magic
   779 | D:2      | Reached XP level 3. HP: 26/26 MP: 4/6
   832 | D:2      | Learned a level 3 spell: Frozen Ramparts
  1107 | D:2      | Found Paanabb's Book Shop.
  1107 | D:2      | Found Funwao Emeil's Assorted Antiques.
  1149 | D:2      | Found Musaan's Distillery.
  1399 | D:2      | Found Seocvil's Book Boutique.
  1575 | D:2      | Reached XP level 4. HP: 25/32 MP: 3/7
  1579 | D:2      | Learned a level 3 spell: Ozocubu's Armour
  1817 | D:3      | Noticed Ijyb
  1824 | D:3      | Killed from afar by Ijyb

Illustrated notes

Levels and vault maps discovered:
D:1:      dpeg_arrival_concentric_ovals, layout_rooms, due_unseen_surprise
D:2:      layout_loops_cross, serial_shops, nicolae_shop_waterfront, shop,
          shop_statue, shop, nicolae_shop_rolling_square, minmay_misc_feat_rows,
          supply_closet_lemuel
D:3:      layout_basic, dreamdust_divine_triumvirate,
          minmay_randomly_rotated_circles, uniq_ijyb

Skill      XL: |  1  2 |
---------------+-------+-----
Dodging        | 2 |  2.4
Fighting       | 1 |  1.4
Ice Magic      | 4 |  4.3
Stealth        | |  1.7
Spellcasting   | |  2.5

Action                     |  1- 3 |  4- 6 || total
---------------------------+-------+-------++-------
  Melee: Unarmed           |    14 |       ||    14
         Dagger            |    51 |     6 ||    57
  Throw: Dart              |       |     1 ||     1
   Cast: Freeze            |    39 |     2 ||    41
         Frozen Ramparts   |     4 |     1 ||     5
         Ozocubu's Armour  |       |     1 ||     1
    Use: Potion            |       |     1 ||     1
   Stab: Sleeping          |     2 |       ||     2
 Armour: Robe              |    59 |     5 ||    64
  Dodge: Dodged            |    49 |     2 ||    51

Table legend: (Time is in decaauts)
 A = Elapsed time spent in this place.
 B = Non-inter-level travel time spent in this place.
 C = Inter-level travel time spent in this place.
 D = Time resting spent in this place.
 E = Time spent auto-exploring this place.
 F = Levels seen in this place.
 G = Mean time per level.
                   A        B        C        D        E       F      G
               +--------+--------+--------+--------+--------+-----+--------+
         Total |   1823 |   1774 |     49 |    298 |   1138 |   3 |  607.7 |
       Dungeon |   1823 |   1774 |     49 |    298 |   1138 |   3 |  607.7 |
               +--------+--------+--------+--------+--------+-----+--------+

Top non-repeatable levels by time:
     D:2: 1046 daAuts
     D:1: 671 daAuts
     D:3: 105 daAuts
